 Dungeon Crawl Stone Soup version 0.30.1-3-gfc49f6343a (webtiles) character file.

Game seed: 760797486959957924

256 Heoruswealwe the Conjurer (level 5, -1/28 HPs)
             Began as a Deep Elf Conjurer on Aug 1, 2023.
             Killed from afar by an orc wizard (9 damage)
             ... with a puff of flame
             ... on level 4 of the Dungeon.
             The game lasted 00:27:12 (2553 turns).

Heoruswealwe the Conjurer (Deep Elf Conjurer)       Turns: 2553, Time: 00:27:12

Health: -1/28      AC:  3    Str:  4    XL:     5   Next: 92%
Magic:  10/15      EV: 12    Int: 31    God:
Gold:   164        SH:  0    Dex: 13    Spells: 2/16 levels left

rFire   . . .        b - +5 Force Lance {heavy, knockback}
rCold   . . .        (no shield)
rNeg    . . .        c - +0 robe
rPois   .            (no helmet)
rElec   .            h - +0 cloak
rCorr   .            (no gloves)
SInv    +            (no boots)
Will    .....        i - amulet of magic regeneration
Stlth   ++           k - +6 ring of intelligence
HPRegen 0.24/turn    j - ring of see invisible
MPRegen 0.54/turn

%: no passive effects
@: no status effects
A: no striking features
a: no special abilities


You were on level 4 of the Dungeon.
You visited 1 branch of the dungeon, and saw 4 of its levels.

You collected 164 gold pieces.

Inventory:

Hand Weapons
 b - the +5 Force Lance (weapon) {heavy, knockback}
   (You found it on level 2 of the Dungeon)
Armour
 c - a +0 robe (worn)
 h - a +0 cloak (worn)
 s - a +0 robe
 v - a +0 robe
 y - a +0 robe
Jewellery
 i - an amulet of magic regeneration (around neck)
 j - a ring of see invisible (right hand)
 k - a +6 ring of intelligence (left hand)
 x - an amulet of reflection
Wands
 d - a wand of quicksilver (6)
Scrolls
 f - a scroll of amnesia {unknown}
 m - a scroll of identify {unknown}
 p - 2 scrolls of torment {unknown}
 q - a scroll of acquirement {unknown}
 r - a scroll of magic mapping {unknown}
 w - a scroll of blinking {unknown}
Potions
 a - a potion of resistance {unknown}
 e - 2 potions of lignification {unknown}
 g - 2 potions of attraction {unknown}
 l - a potion of ambrosia {unknown}
 n - a potion of magic
 o - a potion of degeneration {unknown}
 t - a potion of flight {unknown}
 u - a potion of brilliance {unknown}


   Skills:
 - Level 2.4 Dodging
 - Level 2.4 Stealth
 + Level 6.2 Spellcasting
 + Level 6.4 Conjurations


You had 2 spell levels left.
You knew the following spells:

 Your Spells              Type           Power      Damage    Failure   Level
a - Magic Dart            Conj           100%       1d8       1%          1
b - Searing Ray           Conj           98%        2d8       1%          2
c - Dazzling Flash        Conj/Hex       58%        N/A       3%          3
d - Fulminant Prism       Conj/Hex       14%        3d8       13%         4
e - Iskenderun's Mystic   Conj/Tloc      29%        2d7       13%         4

Your spell library contained the following spells:

 Spells                   Type           Power      Damage    Failure   Level
 Portal Projectile        Hex/Tloc       18%        N/A       14%         3
 Tukima's Dance           Hex            9%         N/A       14%         3
 Blade Hands              Tmut           4%         N/A       80%         5


Dungeon Overview and Level Annotations

Branches:
Dungeon (4/15)
 Temple: D:4-7

Altars:
Xom


Message History

The magic dart hits the adder!
The adder is almost dead.
The adder barely misses you.
The magic dart hits the adder!
You kill the adder!
The magic dart hits the adder.
The adder is moderately wounded.
The magic dart hits the adder.
The adder is almost dead.
The adder bites you.
The magic dart hits the adder.
You kill the adder!
The orc wizard hits you with a +0 dagger.
The orc closely misses you.
The magic dart hits the orc wizard.
The orc wizard is lightly wounded.
The orc wizard hits you with a +0 dagger.
The orc misses you.
You are too injured to fight recklessly!
Casting: Magic Dart (safe; 1% risk of failure)
Confirm with . or Enter, or press ? or * to list all spells.
Aiming: Magic Dart (safe; 1% risk of failure)
Press: ? - help, Shift-Dir - straight line, f/p - orc wizard
Aim: an orc wizard, wielding a +0 dagger and wearing a +0 robe (lightly wounded, 100% to hit)
The magic dart hits the orc wizard!
The orc wizard is severely wounded.
The orc wizard points at you and mumbles some strange words.
The magic dart hits you. The orc barely misses you.
Casting: Magic Dart (safe; 1% risk of failure)
Confirm with . or Enter, or press ? or * to list all spells.
Aiming: Magic Dart (safe; 1% risk of failure)
Press: ? - help, Shift-Dir - straight line, f/p - orc wizard
Aim: an orc wizard, wielding a +0 dagger and wearing a +0 robe (severely wounded, 100% to hit)
The magic dart hits the orc wizard.
The orc wizard is almost dead.
The orc hits you with a +0 club.
* * * LOW HITPOINT WARNING * * *
The orc wizard casts a spell at you. The puff of flame hits you!
You die...

########################
........................
.................o......
......).........@...)...
.................o......
..##..##.####†###.##.##.
##########......#.# #
#......#.. #......#...
#......#....
#......#..... #......#


You could see an orc wizard and an orc.

Vanquished Creatures
  2 iguanas (D:4)
  2 orc wizards
  3 gnolls (D:4)
  4 adders
  2 worms
  A dart slug (D:2)
  8 orcs
  7 ball pythons
  8 endoplasms
  3 hobgoblins
  8 jackals
  4 quokkas
  4 bats
  6 frilled lizards
  6 goblins
  4 kobolds
  9 rats
81 creatures vanquished.

Notes
Turn   | Place    | Note
-------+----------+-------------------------------------------
     0 | D:1      | Heoruswealwe the Deep Elf Conjurer began the quest for the
                  | Orb.
     0 | D:1      | Reached XP level 1. HP: 10/10 MP: 6/6
   206 | D:1      | Reached XP level 2. HP: 15/15 MP: 0/8
   209 | D:1      | Learned a level 2 spell: Searing Ray
   783 | D:2      | Reached skill level 5 in Conjurations
   783 | D:2      | Reached XP level 3. HP: 19/19 MP: 4/10
   787 | D:2      | Learned a level 3 spell: Dazzling Flash
  1295 | D:2      | Found the +5 Force Lance {heavy, knockback}
  1804 | D:3      | Reached XP level 4. HP: 24/24 MP: 10/12
  1827 | D:3      | Reached skill level 5 in Spellcasting
  1852 | D:3      | Found a shimmering altar of Xom.
  1965 | D:3      | Learned a level 4 spell: Fulminant Prism
  2158 | D:4      | Reached XP level 5. HP: 28/28 MP: 11/14
  2164 | D:4      | Learned a level 4 spell: Iskenderun's Mystic Blast
  2553 | D:4      | Killed from afar by an orc wizard

Illustrated notes

Levels and vault maps discovered:
D:1:      minmay_arrival_up_and_down, layout_basic
D:2:      layout_loops_ring
D:3:      layout_basic, lemuel_coloured_pillars_altar
D:4:      layout_gridville, uniq_duvessa

Skill      XL: |  1  2  3  4  5 |
---------------+----------------+-----
Spellcasting   | 4 5 6 |  6.2
Conjurations   | 5 6 |  6.4
Dodging        | |  2.4
Stealth        | |  2.4

Action                     |  1- 3 |  4- 6 || total
---------------------------+-------+-------++-------
  Melee: Lance             |     2 |     4 ||     6
   Cast: Magic Dart        |    90 |    55 ||   145
         Searing Ray       |       |    10 ||    10
         Iskenderun's Myst |       |     1 ||     1
    Use: Potion            |       |     2 ||     2
 Armour: Robe              |     2 |     1 ||     3
  Dodge: Dodged            |     6 |    24 ||    30
